 Dungeon Crawl Stone Soup version 0.28-a0-834-g1a73be5ee4 (webtiles) character file.

Game seed: 16901800141011684469

2885 Multipenetrator the Magician (level 9, -4/68 HPs)
             Began as a Demonspawn Conjurer on Nov 10, 2021.
             Was a Follower of Uskayaw.
             Slain by a sixfirhy (12 damage)
             ... summoned by a kobold demonologist
             ... on level 8 of the Dungeon on Nov 11, 2021.
             The game lasted 00:20:46 (9808 turns).

Multipenetrator the Magician (Demonspawn Conjurer)  Turns: 9808, Time: 00:20:47

Health: -4/68      AC:  4    Str:  8    XL:     9   Next: 48%
Magic:  12/20      EV: 13    Int: 22    God:    Uskayaw [*.....]
Gold:   322        SH:  0    Dex: 12    Spells: 11/23 levels left

rFire   . . .      SeeInvis .   g - +2 dagger (elec)
rCold   + . .      Faith    .   (no shield)
rNeg    . . .      Spirit   .   e - +0 robe {rC+}
rPois   .          Reflect  .   (no helmet)
rElec   .          Harm     .   s - +0 cloak
rCorr   .          Rampage  .   r - +0 pair of gloves
Will    .....      NoTele   +   (no boots)
Stlth   +++.......              (no amulet)
HPRegen 0.21/turn               (no ring)
MPRegen 0.17/turn               (no ring)

@: immobile, very slightly contaminated
A: hooves 2, ignite blood 1, powered by death 1, weakness stinger 1
a: Renounce Religion, Stomp


You were on level 8 of the Dungeon.
You worshipped Uskayaw.
Uskayaw was noncommittal.
You visited 2 branches of the dungeon, and saw 9 of its levels.

You collected 322 gold pieces.

Inventory:

Hand Weapons
 g - a +2 dagger of electrocution (weapon)
Armour
 b - a scarf of shadows
 e - a +0 robe of cold resistance (worn)
 o - the +1 robe of the Learner {rF- Str+2 Dex+10 Stlth+}
   (You found it on level 4 of the Dungeon)

   Str:       It affects your strength (+2).
   Dex:       It affects your dexterity (+10).
   rF:        It makes you vulnerable to fire.
   Stlth:     It makes you more stealthy.
 r - a +0 pair of gloves (worn)
 s - a +0 cloak (worn)
Magical Staves
 v - a staff of cold
Jewellery
 w - a ring of positive energy
 x - a ring of protection from cold
Wands
 a - a wand of mindburst (27)
 A - a wand of iceblast (10)
Scrolls
 c - a scroll of amnesia {unknown}
 d - a scroll of acquirement {unknown}
 h - a scroll of noise {unknown}
 j - 2 scrolls of identify {unknown}
 l - 6 scrolls of teleportation
 p - a scroll of immolation {unknown}
 u - a scroll of brand weapon {unknown}
 y - a scroll of magic mapping {unknown}
Potions
 f - a potion of cancellation {unknown}
 i - a potion of invisibility {unknown}
 k - 3 potions of heal wounds {unknown}
 m - 3 potions of mutation {unknown}
 n - 2 potions of lignification {unknown}
 q - 3 potions of might
 t - a potion of attraction {unknown}
 z - 2 potions of brilliance {unknown}
 B - a potion of degeneration {unknown}


   Skills:
 * Level 5.1 Fighting
 + Level 4.3 Short Blades
 + Level 4.0 Dodging
 + Level 5.1 Stealth
 * Level 7.6 Spellcasting
 - Level 5.0 Conjurations
 + Level 1.2 Hexes
 + Level 1.7 Necromancy
 + Level 0.7 Translocations


You had 11 spell levels left.
You knew the following spells:

 Your Spells              Type           Power      Damage    Failure   Level
a - Magic Dart            Conj           100%       1d8       1%          1
d - Fulminant Prism       Conj/Hex       11%        3d9       22%         4
e - Iskenderun's Mystic   Conj/Tloc      21%        2d6       24%         4
v - Vampiric Draining     Necr           15%        2d7       12%         3

Your spell library contained the following spells:

 Spells                   Type           Power      Damage    Failure   Level
 Searing Ray              Conj           60%        2d6       1%          2
 Slow                     Hex            52%        N/A       4%          1
 Dazzling Flash           Conj/Hex       44%        N/A       6%          3
 Confusing Touch          Hex            13%        N/A       14%         3
 Yara's Violent Unravell  Hex/Tmut       5%         3d4       86%         5


Dungeon Overview and Level Annotations

Branches:
Dungeon (8/15)             Temple (1/1) D:5
   Lair: D:8-11

Altars:
Ashenzari
Cheibriados
Dithmenos
Elyvilon
Fedhas
Gozag
Hepliaklqana
Kikubaaqudgha
Makhleb
Nemelex Xobeh
Okawaru
Qazlal
Ru
Sif Muna
Trog
Uskayaw
Vehumet
Wu Jian
Xom
Zin
The Shining One

Annotations:
D:5 Menkaure


Innate Abilities, Weirdness & Mutations

You have hoof-like feet.
Your demonic aura sometimes causes spilled blood to erupt in flames.
You regenerate a little health from kills.
You have a small tail.


Message History

A kobold comes into view. It is wielding a +0 whip.
The kobold demonologist casts a spell.
You hear a shout!
A kobold and a kobold demonologist come into view.
The kobold is wielding a +2 dagger of speed.
The kobold demonologist shouts!
The kobold demonologist mumbles some strange words.
The kobold shouts!
The kobold demonologist mumbles some strange words.
Casting: Iskenderun's Mystic Blast (dangerous; 24% risk of failure)
Confirm with . or Enter, or press ? or * to list all spells.
You erupt in a blast of force!
The mystic blast hits the sixfirhy.
The sixfirhy is lightly wounded.
The sixfirhy is knocked back by the mystic blast.
The mystic blast hits the kobold demonologist!
The kobold demonologist is lightly wounded.
The kobold demonologist is knocked back by the mystic blast.
The kobold demonologist gestures wildly while chanting.
Unknown command.
The sixfirhy hits you! The sixfirhy shocks you!
The sixfirhy hits you but does no damage.
The sixfirhy barely misses you.
The kobold demonologist closely misses you.
The smoke demon gestures at you. Something smites you!
* * * LOW HITPOINT WARNING * * *
The crimson imp blinks!
Casting: Iskenderun's Mystic Blast (dangerous; 24% risk of failure)
Confirm with . or Enter, or press ? or * to list all spells.
You miscast Iskenderun's Mystic Blast.
You are very lightly contaminated with residual magic.
You feel a wrenching sensation.
You are magically locked in place.
The sixfirhy hits you!
* * * LOW HITPOINT WARNING * * *
The sixfirhy shocks you!
* * * LOW HITPOINT WARNING * * *
The sixfirhy hits you!
* * * LOW HITPOINT WARNING * * *
The sixfirhy shocks you!
You die...

#.#.. ..# #######.#
#.#.# ### ........<
#.#.# ## .######.#
#.#.# . #.# #...#.###
#.#
##..#...###.######..
#...................
######.#.##########....
#.....63...... #####
#.####K#..#.## #5##.# #
####


KK§ .# .... #3# # .... #K4 .... #.# .... ### ##.. You could see 2 kobold
demonologists, a sixfirhy (summoned), a smoke demon (summoned), a chaos spawn
(summoned), a white imp (summoned) and 2 kobolds.

Vanquished Creatures
  Sigmund (D:4)
  A steam dragon (D:8)
  A water moccasin (D:8)
  An orc warrior (D:8)
  2 black bears
  A sky beast (D:7)
  An ice beast (D:7)
  A necrophage (D:6)
  4 ogres
  A centaur (D:7)
  Blork the orc (D:4)
  2 kobold brigands (D:8)
  A bullfrog (D:6)
  2 scorpions
  A howler monkey (D:4)
  An electric eel (D:7)
  A centaur zombie (D:7)
  2 bullfrog zombies
  3 orc priests (D:8)
  A jelly (D:4)
  3 bullfrog skeletons
  5 hounds
  Crazy Yiuf (D:4)
  6 iguanas
  4 orc wizards
  2 hound skeletons
  Robin (D:2)
  4 gnolls (D:3)
  11 adders
  A howler monkey skeleton (D:4)
  A white imp (D:7)
  2 ufetubi (D:5)
  An adder skeleton (D:4)
  2 worms (D:4)
  A dart slug (D:2)
  17 orcs
  6 ball pythons
  9 endoplasms
  3 giant cockroaches
  15 goblins
  13 hobgoblins
  A quokka (D:1)
  A bat (D:2)
  3 frilled lizards
  18 kobolds
  3 rats
163 creatures vanquished.

Vanquished Creatures (others)
  3 fulminant prisms
  3 plants (D:1)
6 creatures vanquished.

Grand Total: 169 creatures vanquished

Notes
Turn   | Place    | Note
-------+----------+-------------------------------------------
     0 | D:1      | Multipenetrator the Demonspawn Conjurer began the quest for
                  | the Orb.
     0 | D:1      | Reached XP level 1. HP: 13/13 MP: 3/3
   223 | D:1      | Gained mutation: You regenerate a little health from kills.
                  | [demonic ancestry]
   223 | D:1      | Reached XP level 2. HP: 19/19 MP: 2/5
   471 | D:1      | Reached skill level 3 in Spellcasting
   948 | D:1      | You fall into a shaft and drop 1 floor!
   964 | D:2      | Reached XP level 3. HP: 24/24 MP: 3/7
  1648 | D:2      | Reached skill level 4 in Spellcasting
  1919 | D:2      | Noticed Robin
  1921 | D:2      | Killed Robin
  1922 | D:2      | Discovered your monstrous ancestry.
  1922 | D:2      | Gained mutation: You have large cloven feet. [demonic
                  | ancestry]
  1922 | D:2      | Reached XP level 4. HP: 30/30 MP: 5/10
  2733 | D:2      | Found a faded altar of an unknown god.
  2889 | D:3      | Gained mutation: You have hoof-like feet. [demonic
                  | ancestry]
  2889 | D:3      | Reached XP level 5. HP: 29/36 MP: 6/11
  2985 | D:3      | Reached skill level 1 in Fighting
  2985 | D:3      | Reached skill level 1 in Short Blades
  3245 | D:3      | Learned a level 3 spell: Vampiric Draining
  4054 | D:4      | Noticed Sigmund
  4062 | D:4      | Killed Sigmund
  4063 | D:4      | Reached XP level 6. HP: 44/44 MP: 11/13
  4105 | D:4      | Identified the +1 robe of the Learner {rF- Str+2 Dex+10
                  | Stlth+}
  4160 | D:4      | Noticed Blork the orc
  4166 | D:4      | Killed Blork the orc
  4167 | D:4      | Reached skill level 5 in Spellcasting
  4210 | D:4      | Reached XP level 7. HP: 51/51 MP: 14/14
  4229 | D:4      | Found a runed translucent door.
  4230 | D:4      | Noticed Crazy Yiuf
  4409 | D:4      | Reached skill level 1 in Necromancy
  4634 | D:4      | Killed Crazy Yiuf
  4745 | D:5      | Entered Level 5 of the Dungeon
  4753 | D:5      | Noticed Menkaure
  5130 | D:5      | Found a shimmering blue altar of Sif Muna.
  5145 | D:5      | Gained mutation: You have a small tail. [demonic ancestry]
  5145 | D:5      | Reached XP level 8. HP: 55/58 MP: 13/16
  5150 | D:5      | Learned a level 4 spell: Iskenderun's Mystic Blast
  5292 | D:5      | Found a staircase to the Ecumenical Temple.
  5360 | Temple   | Entered the Ecumenical Temple
  5423 | Temple   | Upgraded the game from 0.28-a0-823-gb444dcf96d to
                  | 0.28-a0-834-g1a73be5ee4
  5428 | Temple   | Learned a level 4 spell: Fulminant Prism
  5456 | Temple   | Became a worshipper of Uskayaw the Reveller
  5478 | D:5      | You fall into a shaft and drop 2 floors!
  5484 | D:7      | Reached * piety under Uskayaw
  5609 | D:7      | Found an opulent altar of Gozag.
  5613 | D:7      | Reached ** piety under Uskayaw
  5620 | D:7      | Reached *** piety under Uskayaw
  5622 | D:7      | Reached **** piety under Uskayaw
  5885 | D:6      | Found a stormy altar of Qazlal.
  6042 | D:6      | Reached skill level 5 in Conjurations
  6121 | D:6      | Found a sacrificial altar of Ru.
  6121 | D:6      | Found a blossoming altar of Fedhas.
  6128 | D:6      | Found a radiant altar of Vehumet.
  6130 | D:6      | Found an iron altar of Okawaru.
  6132 | D:6      | Found a faded altar of an unknown god.
  6331 | D:6      | Reached skill level 6 in Spellcasting
  7349 | D:7      | Gained mutation: Your demonic aura sometimes causes spilled
                  | blood to erupt in flames. [demonic ancestry]
  7349 | D:7      | Reached XP level 9. HP: 63/65 MP: 4/19
  7799 | D:7      | Found a snail-covered altar of Cheibriados.
  8257 | D:7      | Identified the +8 hand axe of Livvaim {vorpal, Contam rN++
                  | Str+5 Int-4}
  8273 | D:7      | Reached skill level 7 in Spellcasting
  8733 | D:8      | Reached skill level 5 in Stealth
  9230 | D:8      | Reached skill level 5 in Fighting
  9607 | D:8      | Reached skill level 1 in Hexes
  9802 | D:8      | Noticed a kobold demonologist
  9804 | D:8      | Noticed a sixfirhy
  9804 | D:8      | Noticed a kobold demonologist
  9806 | D:8      | Noticed a smoke demon
  9808 | D:8      | Slain by a sixfirhy

Illustrated notes

Levels and vault maps discovered:
D:1:      wander_arrival_fairy_ring, layout_basic
D:2:      layout_basic, hellmonk_ecumenical_altar_inner_sanctum, uniq_robin
D:3:      layout_rooms
D:4:      layout_rooms, minmay_increasing_density, uniq_crazy_yiuf_cottage,
          uniq_sigmund, uniq_blork_the_orc
D:5:      layout_rooms, lemuel_doored_altar, temple_statues, uniq_menkaure
D:6:      layout_basic, chequers_temple_overflow_minitemple,
          mainiacjoe_overflow_paths
D:7:      layout_basic, mainiacjoe_overflow_alcove_4,
          nicolae_overflow_hidden_temple, serial_rivers,
          chequers_serial_rivers_small_a, chequers_serial_rivers_micro_b,
          chequers_serial_rivers_micro_e, chequers_serial_rivers_marsh,
          minivault_4, palyth_stone_intersect, st_stairs_4
D:8:      layout_basic
Temple:   cyrus_circular_temple

Skill      XL: |  1  2  3  4  5  6  7  8  9 |
---------------+----------------------------+-----
Spellcasting   | 3 4 5 6 7 |  7.6
Stealth        | 2 3 4 5 |  5.1
Dodging        | 2 3 4 |  4.0
Fighting       | 2 3 4 5 |  5.1
Short Blades   | 2 3 4 |  4.3
Necromancy     | 1 |  1.7
Conjurations   | 5 |  5.0
Hexes          | 1 |  1.2
Translocations | |  0.7

Action                   |  1- 3 |  4- 6 |  7- 9 || total
-------------------------+-------+-------+-------++-------
Melee: Unarmed           |    21 |       |       ||    21
       Dagger            |    10 |   106 |   177 ||   293
       Short sword       |     2 |       |       ||     2
       Kick              |       |    20 |    45 ||    65
       Tailslap          |       |       |    18 ||    18
 Cast: Magic Dart        |    71 |    61 |    88 ||   220
       Vampiric Draining |       |     2 |     4 ||     6
       Iskenderun's Myst |       |       |    23 ||    23
       Fulminant Prism   |       |       |     3 ||     3
  Use: Scroll            |       |       |     1 ||     1
       Potion            |       |       |     6 ||     6
 Stab: Sleeping          |       |     2 |    11 ||    13
       Paralysed         |       |       |     4 ||     4
Armor: Robe              |     9 |     9 |    48 ||    66
Dodge: Dodged            |    25 |    51 |   147 ||   223

Table legend: (Time is in decaauts)
 A = Elapsed time spent in this place.
 B = Non-inter-level travel time spent in this place.
 C = Inter-level travel time spent in this place.
 D = Time resting spent in this place.
 E = Time spent auto-exploring this place.
 F = Levels seen in this place.
 G = Mean time per level.
                   A        B        C        D        E       F      G
               +--------+--------+--------+--------+--------+-----+--------+
         Total |   9794 |   9558 |    236 |    909 |   7276 |   9 | 1088.2 |
       Dungeon |   9684 |   9460 |    224 |    909 |   7242 |   8 | 1210.5 |
        Temple |    109 |     97 |     12 |      0 |     34 |   1 |  109.0 |
               +--------+--------+--------+--------+--------+-----+--------+

Top non-repeatable levels by time:
     D:6: 1592 daAuts
     D:2: 1568 daAuts
     D:4: 1222 daAuts
     D:1: 1195 daAuts
     D:7: 1148 daAuts
     D:8: 1141 daAuts
     D:3: 1092 daAuts
     D:5: 722 daAuts
  Temple: 109 daAuts
